[Event "January 2 Early 2024"]
[Site "https://www.chess.com"]
[Date "2024.01.02"]
[Round "9"]
[White "Nakamura, Hikaru"]
[Black "Mamedyarov, Shakhriyar"]
[Result "1/2-1/2"]
[Board "1"]
[TimeControl "180+1"]
[WhiteFideId "2016192"]
[BlackFideId "13401319"]
[WhiteElo "3239"]
[BlackElo "3088"]
[WhiteTeam "USA"]
[BlackTeam "AZE"]
[WhiteClock "0:00:12"]
[BlackClock "0:00:14"]

1. g3 Nf6 2. Bg2 g6 3. e4 e5 4. d4 exd4 5. Ne2 d6 6. Nxd4 Bg7 7. O-O O-O 8. Nc3 Re8 9. Re1 Nbd7 10. b3 Nc5 11. Bb2 c6 12. Qd2 a5 13. Rad1 a4 14. h3 axb3 15. axb3 Qe7 16. Re3 h5 17. f4 d5 18. e5 Nfe4 19. Qe1 Nxc3 20. Bxc3 Ne4 21. Ra1 Rxa1 22. Bxa1 Bd7 23. Nf3 Ra8 24. Bd4 Ra2 25. Re2 c5 26. Be3 d4 27. Bxd4 Nxg3 28. Qxg3 cxd4 29. Nxd4 Qc5 30. Qe3 b5 31. Kh2 b4 32. Be4 Bh6 33. Bd3 Ra1 34. e6 Bxe6 35. Nxe6 Qxe3 36. Rxe3 fxe6 37. Rxe6 Bxf4+ 38. Kg2 g5 39. Re7 Rd1 40. Rb7 Rd2+ 41. Kf3 Rh2 42. Bf5 Bd2 43. Ke4 Rf2 44. Be6+ Kf8 45. Rh7 g4 46. hxg4 hxg4 47. Bxg4 Rf4+ 48. Kd3 Bc3 49. Be6 Rd4+ 50. Ke3 Rd6 51. Bc4 Ke8 52. Ke4 Kd8 53. Bd5 Rd7 54. Rh6 Re7+ 55. Kd3 Kc7 56. Kc4 Rd7 57. Rc6+ Kd8 58. Ra6 Rc7+ 59. Bc6 Ke7 60. Kd5 Rc8 61. Ra7+ Kf6 62. Rb7 Rd8+ 63. Bd7 Ke7 64. Kc6 Kf6 65. Rb5 Rh8 66. Rf5+ Ke7 67. Kc7 Rh2 68. Bb5 Rxc2 69. Bc4 Rd2 70. Rf7+ Ke8 71. Rh7 Kf8 72. Kc6 Bg7 73. Bd5 Rd1 74. Kd6 Re1 75. Rh5 Bf6 76. Rh3 Bc3 77. Rh4 Kg7 78. Rg4+ Kf6 79. Be4 Be5+ 80. Kd5 Rd1+ 81. Kc5 Rd4 82. Rg6+ Kf7 83. Rg4 Kf6 84. Rg6+ Kf7 85. Bf5 Rf4 86. Bd3 Bc3 87. Rg3 Rf6 88. Bc4+ Ke7 89. Rg7+ Kf8 90. Rh7 Rg6 91. Bd5 Rg7 92. Rh4 Ke7 93. Rf4 Rh7 94. Rf5 Rg7 95. Kc6 Rh7 96. Bc4 Rh6+ 97. Kb5 Rh7 98. Rc5 Rg7 99. Rc7+ Kf6 100. Rc6+ Ke5 101. Rc5+ Kd4 102. Rd5+ Ke4 103. Rd8 Kf4 104. Bd3 Rg5+ 105. Kc4 Re5 106. Rf8+ Ke3 107. Bg6 Re6 108. Re8 Rxe8 109. Bxe8 Ke4 110. Ba4 Ke3 111. Bb5 Ke4 112. Ba4 Ke3 113. Bb5 Ke4 114. Ba4 1/2-1/2

[Event "January 2 Early 2024"]
[Site "https://www.chess.com"]
[Date "2024.01.02"]
[Round "9"]
[White "Vachier-Lagrave, Maxime"]
[Black "Aronian, Levon"]
[Result "1-0"]
[Board "2"]
[TimeControl "180+1"]
[WhiteFideId "623539"]
[BlackFideId "13300474"]
[WhiteElo "3192"]
[BlackElo "3113"]
[WhiteTeam "FRA"]
[BlackTeam "USA"]
[WhiteClock "0:00:47"]
[BlackClock "0:00:01"]

1. e4 e5 2. Nf3 Nc6 3. Bb5 a6 4. Ba4 Nf6 5. O-O Be7 6. Re1 b5 7. Bb3 O-O 8. a4 Bb7 9. d3 d6 10. Bd2 Rb8 11. axb5 axb5 12. Nc3 Bc8 13. Nd5 h6 14. c3 Bd7 15. h3 Re8 16. Nh2 b4 17. Bc4 bxc3 18. bxc3 Qc8 19. Nxe7+ Nxe7 20. Qf3 Be6 21. Ba6 Qd7 22. Bxh6 Qc6 23. Bg5 Nd7 24. c4 Qc5 25. Bb5 c6 26. Ba4 Qb4 27. Bxe7 Rxe7 28. Bxc6 Nc5 29. Ng4 Qc3 30. Rad1 Rb3 31. Bd5 Qd4 32. Re3 Ra7 33. Qg3 Ra1 34. Rxa1 Qxa1+ 35. Kh2 Rb1 36. Qh4 Bxg4 37. Qd8+ Kh7 38. Bxf7 Rh1+ 39. Kg3 Rxh3+ 40. Kxg4 Qd1+ 41. Kxh3 1-0

[Event "January 2 Early 2024"]
[Site "https://www.chess.com"]
[Date "2024.01.02"]
[Round "9"]
[White "Duda, Jan-Krzysztof"]
[Black "Firouzja, Alireza"]
[Result "1-0"]
[Board "3"]
[TimeControl "180+1"]
[WhiteFideId "1170546"]
[BlackFideId "12573981"]
[WhiteElo "3049"]
[BlackElo "3161"]
[WhiteTeam "POL"]
[BlackTeam "FRA"]
[WhiteClock "0:00:09"]
[BlackClock "0:00:00"]

1. Nf3 Nf6 2. c4 g6 3. Nc3 Bg7 4. e4 d6 5. d4 O-O 6. Be2 e5 7. O-O Na6 8. Re1 Bg4 9. Be3 Bxf3 10. Bxf3 exd4 11. Bxd4 c6 12. Qd2 Nc5 13. Rad1 Ne6 14. Be3 Qa5 15. Qxd6 Rfd8 16. Qe7 Qa6 17. Be2 Re8 18. Qb4 c5 19. Qb3 Rad8 20. e5 Nd7 21. f4 Nd4 22. Bxd4 cxd4 23. Nd5 Nc5 24. Qb4 Ne6 25. Bg4 Bf8 26. Qb3 Nc5 27. Qh3 Kg7 28. Nf6 h6 29. b4 Na4 30. Nxe8+ Rxe8 31. c5 Rd8 32. e6 Nc3 33. Rd2 f5 34. Bxf5 Be7 35. Bxg6 1-0

[Event "January 2 Early 2024"]
[Site "https://www.chess.com"]
[Date "2024.01.02"]
[Round "9"]
[White "Kramnik, Vladimir"]
[Black "Carlsen, Magnus"]
[Result "0-1"]
[Board "4"]
[TimeControl "180+1"]
[WhiteFideId "4101588"]
[BlackFideId "1503014"]
[WhiteElo "2993"]
[BlackElo "3364"]
[WhiteTeam "RUS"]
[BlackTeam "NOR"]
[WhiteClock "0:00:00"]
[BlackClock "0:00:41"]

1. e4 h6 2. d4 e6 3. Nc3 a6 4. Nf3 b5 5. Bd3 c5 6. dxc5 Bxc5 7. O-O Bb7 8. a4 b4 9. Ne2 Nf6 10. Ng3 d6 11. Qe2 Nbd7 12. a5 Qc7 13. Bd2 h5 14. Bg5 Ne5 15. Nxe5 dxe5 16. Bxf6 gxf6 17. Nxh5 Ke7 18. Ng3 Rh4 19. h3 Rg8 20. Kh2 f5 21. Bxa6 Bxe4 22. Nxe4 Rxe4 23. Qh5 Rd4 24. Kh1 Qc6 25. Qf3 Qxa6 26. c3 bxc3 27. Qxc3 Bb4 28. Qc7+ Kf6 29. Qb6 Qxb6 30. axb6 Rb8 31. Ra6 Rd6 0-1

[Event "January 2 Early 2024"]
[Site "https://www.chess.com"]
[Date "2024.01.02"]
[Round "9"]
[White "Sadhwani, Raunak"]
[Black "Pranesh M"]
[Result "1-0"]
[Board "5"]
[TimeControl "180+1"]
[WhiteFideId "35093487"]
[BlackFideId "35028600"]
[WhiteElo "3078"]
[BlackElo "2986"]
[WhiteTeam "IND"]
[BlackTeam "IND"]
[WhiteClock "0:00:44"]
[BlackClock "0:00:08"]

1. c4 Nf6 2. Nc3 e5 3. Nf3 Nc6 4. d3 d5 5. cxd5 Nxd5 6. e4 Nxc3 7. bxc3 Bd6 8. Be2 O-O 9. O-O f5 10. exf5 Bxf5 11. Qb3+ Kh8 12. Qxb7 Qd7 13. Qb3 e4 14. dxe4 Bxe4 15. Ng5 Bg6 16. Qe6 Qxe6 17. Nxe6 Rfe8 18. Bg4 Ne5 19. Bh3 Bd3 20. Rd1 Be2 21. Rxd6 cxd6 22. Nc7 Nd3 23. Nxe8 Rxe8 24. Be3 a5 25. Rb1 h6 26. Bd7 Re7 27. Bf5 Re8 28. Bg6 Rc8 29. f4 Kg8 30. Rb7 Kf8 31. Bd4 Nc5 32. Rf7+ Kg8 33. Rxg7+ Kf8 34. Rf7+ Kg8 35. Rh7 1-0

[Event "January 2 Early 2024"]
[Site "https://www.chess.com"]
[Date "2024.01.02"]
[Round "9"]
[White "Baskakov, Egor"]
[Black "Svane, Frederik"]
[Result "0-1"]
[Board "6"]
[TimeControl "180+1"]
[WhiteFideId "24197866"]
[BlackFideId "12923044"]
[WhiteElo "2941"]
[BlackElo "3034"]
[WhiteTeam "RUS"]
[BlackTeam "GER"]
[WhiteClock "0:00:04"]
[BlackClock "0:00:41"]

1. e4 e5 2. Nc3 Nf6 3. g3 d5 4. exd5 Nxd5 5. Bg2 Nxc3 6. bxc3 Nc6 7. d3 Bd6 8. Rb1 O-O 9. Ne2 Qd7 10. O-O b6 11. f4 Bb7 12. f5 f6 13. g4 Na5 14. Ng3 Bxg2 15. Kxg2 Nb7 16. Ne4 Nc5 17. Qf3 Qa4 18. Nxd6 cxd6 19. Rf2 Qxa2 20. Rb4 Qf7 21. g5 d5 22. Rh4 fxg5 23. Bxg5 e4 24. Qh3 g6 25. Bh6 gxf5 26. Rh5 Kh8 27. Rfxf5 Rg8+ 28. Kf1 Qg6 29. Rhg5 Qe6 30. Rxg8+ Rxg8 31. Be3 Rg6 32. Qh5 exd3 33. Bd4+ Kg8 34. Re5 Qf7+ 35. Ke1 dxc2 36. Kd2 Rg2+ 37. Re2 Qxh5 0-1

[Event "January 2 Early 2024"]
[Site "https://www.chess.com"]
[Date "2024.01.02"]
[Round "9"]
[White "Movahed, Sina"]
[Black "Bindrich, Falko"]
[Result "1-0"]
[Board "7"]
[TimeControl "180+1"]
[WhiteFideId "42520835"]
[BlackFideId "4676670"]
[WhiteElo "3010"]
[BlackElo "2836"]
[WhiteTeam "IRI"]
[BlackTeam "GER"]
[WhiteClock "0:01:07"]
[BlackClock "0:00:04"]

1. Nf3 d5 2. c4 e6 3. g3 Nf6 4. Bg2 dxc4 5. Qa4+ c6 6. Qxc4 b5 7. Qc2 Bb7 8. a4 b4 9. Ne5 Qd4 10. Nc4 Qd7 11. Na5 Be7 12. O-O O-O 13. Nxb7 Qxb7 14. b3 Rc8 15. Bb2 Nd5 16. d3 c5 17. Nd2 Nc6 18. e3 Qd7 19. Rac1 Rab8 20. h4 Na5 21. Nc4 Nc6 22. Rfd1 Bf6 23. Bxf6 Nxf6 24. Nd2 Na5 25. Ne4 Nxe4 26. Bxe4 h6 27. Qb2 Qe7 28. Rc2 Qf6 29. Qb1 g5 30. hxg5 hxg5 31. Kg2 Kg7 32. Rh1 Qe5 33. Rh7+ Kg8 34. f4 Qf6 35. fxg5 Qxg5 36. Qb2 e5 37. Rf2 Rf8 38. Rf5 Qxe3 39. Qxe5 1-0

[Event "January 2 Early 2024"]
[Site "https://www.chess.com"]
[Date "2024.01.02"]
[Round "9"]
[White "Gokerkan, Cem Kaan"]
[Black "Paravyan, David"]
[Result "0-1"]
[Board "8"]
[TimeControl "180+1"]
[WhiteFideId "6336760"]
[BlackFideId "4194985"]
[WhiteElo "2854"]
[BlackElo "3094"]
[WhiteTeam "TUR"]
[BlackTeam "FID"]
[WhiteClock "0:00:00"]
[BlackClock "0:00:08"]

1. e4 e5 2. Nc3 Nf6 3. g3 d5 4. exd5 Nxd5 5. Bg2 Nxc3 6. bxc3 Bd6 7. Nf3 O-O 8. O-O Nc6 9. Rb1 h6 10. d4 Re8 11. Re1 exd4 12. Rxe8+ Qxe8 13. cxd4 Rb8 14. c4 b6 15. Rb3 Bg4 16. Re3 Qd7 17. Bb2 Re8 18. d5 Ne5 19. Nxe5 Rxe5 20. Qe1 Rxe3 21. Qxe3 f6 22. h4 Qe7 23. Qd4 h5 24. Bc3 Qe2 25. Bf1 Qf3 26. Qd3 Kf7 27. Qxf3 Bxf3 28. Bd3 g6 29. Kf1 f5 30. Ke1 f4 31. gxf4 Bxf4 32. Bd2 Bd6 33. Bg5 Bb4+ 34. Kf1 b5 35. cxb5 Bxd5 36. a4 Bb3 37. Bf4 Ba5 38. Be4 Bxa4 39. Bd5+ Kf6 40. Bg5+ Ke5 41. Bc6 a6 42. f4+ Kd6 43. Kf2 Bxb5 44. Be4 Be8 45. Bd3 Bb6+ 46. Kg3 a5 47. f5 gxf5 48. Bxf5 a4 49. Bf4+ Kd5 50. Bc1 Bc5 51. Kf4 Be7 52. Be4+ Kc4 53. Ke3 a3 54. Bd3+ Kb3 55. Bf5 Bxh4 56. Be6+ Kb4 57. Bd2+ Kc5 58. Bc1 Bg5+ 0-1

[Event "January 2 Early 2024"]
[Site "https://www.chess.com"]
[Date "2024.01.02"]
[Round "9"]
[White "Martinez Alcantara, Jose Eduardo"]
[Black "Praggnanandhaa R"]
[Result "0-1"]
[Board "9"]
[TimeControl "180+1"]
[WhiteFideId "3805662"]
[BlackFideId "25059530"]
[WhiteElo "3052"]
[BlackElo "2942"]
[WhiteTeam "PER"]
[BlackTeam "IND"]
[WhiteClock "0:00:07"]
[BlackClock "0:00:17"]

1. e4 c5 2. Nf3 Nc6 3. c3 Nf6 4. Bd3 d5 5. e5 Nd7 6. Bb5 c4 7. d4 cxd3 8. Bf4 e6 9. Bxd3 Nc5 10. O-O Nxd3 11. Qxd3 Be7 12. Nbd2 Bd7 13. Rfe1 a6 14. Nb3 Qb6 15. Bg5 f6 16. Bf4 O-O 17. Qd2 Rae8 18. Nbd4 Na5 19. b3 Nc6 20. Bg3 f5 21. Bf4 Rc8 22. Rac1 Rc7 23. h4 Rfc8 24. Nxf5 exf5 25. e6 Be8 26. Bxc7 Qxc7 27. Qxd5 Qf4 28. Qd3 Bh5 29. Nd4 Nxd4 30. Qxd4 Qxh4 31. Qd5 f4 32. Re4 Rd8 33. Qxb7 Qg5 34. Rce1 Bf3 35. g3 Qh5 0-1

[Event "January 2 Early 2024"]
[Site "https://www.chess.com"]
[Date "2024.01.02"]
[Round "9"]
[White "Makarian, Rudik"]
[Black "Kovalev, Vladislav"]
[Result "1/2-1/2"]
[Board "10"]
[TimeControl "180+1"]
[WhiteFideId "44105681"]
[BlackFideId "13504398"]
[WhiteElo "3029"]
[BlackElo "2942"]
[WhiteTeam "FID"]
[BlackTeam "FID"]
[WhiteClock "0:00:07"]
[BlackClock "0:00:04"]

1. e4 e5 2. Nf3 Nc6 3. Bc4 Nf6 4. d3 Bc5 5. c3 d6 6. Bg5 h6 7. Bh4 a6 8. O-O Ba7 9. Nbd2 g5 10. Bg3 O-O 11. b4 Kg7 12. a4 Re8 13. Re1 Ne7 14. Qb3 Rf8 15. d4 Nh5 16. dxe5 Nxg3 17. hxg3 dxe5 18. Rad1 Qd6 19. Nf1 Qf6 20. Ne3 c6 21. a5 Ng6 22. Nh2 h5 23. Qc2 g4 24. Nhf1 Ne7 25. Rd3 Rh8 26. Qd2 Bb8 27. Nh2 Bc7 28. Rf1 Ng6 29. f3 Nf4 30. gxf4 g3 31. Rd1 gxh2+ 32. Kh1 exf4 33. Nf5+ Bxf5 34. exf5 Rad8 35. Qe2 Rhe8 36. Qf2 Rxd3 37. Bxd3 Re3 38. c4 Be5 39. Be4 Bd4 40. Qf1 Be5 41. b5 cxb5 42. cxb5 axb5 43. Qxb5 Bd4 44. Qxb7 Bc5 45. Qb5 Qc3 46. Qf1 Qxa5 47. f6+ Kxf6 48. Rb1 Qc3 49. Rc1 Qe5 50. Qa6+ Kg7 51. Qf1 Bd4 52. Rd1 Qf6 53. Rb1 Qg5 54. Rd1 Qg3 55. Bf5 h4 56. Bh3 Bc3 57. Rc1 Bd2 58. Rd1 Bb4 59. Rb1 Bd6 60. Rd1 Be5 61. Rb1 Bf6 62. Rd1 Kh6 63. Rb1 Re5 64. Rd1 Re3 65. Rb1 Bc3 66. Rd1 Re5 67. Rc1 Bd4 68. Rd1 Qf2 69. Qxf2 Bxf2 70. Kxh2 Bg3+ 71. Kg1 Kg5 72. Kf1 f5 73. Rb1 Re3 74. Rd1 Kf6 75. Rb1 Ke5 76. Rd1 Ke6 77. Rb1 Re5 78. Rd1 Ke7 79. Kg1 Be1 80. Kf1 Bg3 81. Kg1 Kf6 82. Kf1 Re7 83. Kg1 Re6 84. Kf1 Ke5 85. Kg1 Re7 86. Kf1 Kf6 87. Kg1 Re2 88. Kf1 Rf2+ 89. Kg1 Rb2 90. Kf1 Ke5 91. Kg1 Rb3 92. Kf1 Re3 93. Kg1 Be1 94. Kf1 Bc3 95. Kf2 Bd4 96. Kf1 Bc3 97. Kf2 Bb4 98. Kf1 Bc5 99. Re1 Bd4 100. Rd1 Bb6 101. Rc1 Bd4 102. Rd1 1/2-1/2

[Event "January 2 Early 2024"]
[Site "https://www.chess.com"]
[Date "2024.01.02"]
[Round "9"]
[White "Xiong, Jeffery"]
[Black "Donchenko, Alexander"]
[Result "1/2-1/2"]
[Board "11"]
[TimeControl "180+1"]
[WhiteFideId "2047640"]
[BlackFideId "24603295"]
[WhiteElo "3029"]
[BlackElo "2937"]
[WhiteTeam "USA"]
[BlackTeam "GER"]
[WhiteClock "0:00:27"]
[BlackClock "0:00:08"]

1. e4 c6 2. d4 d5 3. exd5 cxd5 4. c4 Nf6 5. Nc3 Nc6 6. Nf3 a6 7. h3 g6 8. c5 Bg7 9. Bf4 O-O 10. Be2 Ne4 11. O-O b6 12. cxb6 Nxc3 13. bxc3 Qxb6 14. Qb3 Qa5 15. Rfe1 Bf5 16. Bf1 Rfc8 17. Rac1 h5 18. Nh4 Bd7 19. Bd3 e6 20. Nf3 Ne7 21. g4 hxg4 22. hxg4 Bb5 23. Be2 Bxe2 24. Rxe2 Qb5 25. Rb2 Qd3 26. Kg2 Nc6 27. Rd1 Qb5 28. Qc2 Qc4 29. Rh1 Nxd4 30. Nxd4 Bxd4 31. cxd4 Qxc2 32. Rxc2 Rxc2 33. Be5 f6 34. Bxf6 Kf7 35. g5 Rac8 36. Rh7+ Ke8 37. Re7+ Kf8 38. Rxe6 Rxa2 39. Be5 Rcc2 40. Rf6+ Ke7 41. Bg3 Rd2 42. Rxg6 Rxd4 43. Rb6 Rg4 44. Kh3 Re4 45. g6 Kf8 46. f3 Re8 47. Kg4 Rg2 48. Rb7 Re6 49. Kf5 Rxg6 50. Kxg6 Rxg3+ 51. Kf5 Rxf3+ 52. Ke5 Rd3 53. Ra7 Re3+ 54. Kxd5 Re7 55. Rxa6 Rf7 56. Ke6 Kg7 57. Rd6 Rf6+ 58. Kd5 Rxd6+ 59. Kxd6 1/2-1/2

[Event "January 2 Early 2024"]
[Site "https://www.chess.com"]
[Date "2024.01.02"]
[Round "9"]
[White "Sarana, Alexey"]
[Black "Klimkowski, Jan"]
[Result "0-1"]
[Board "12"]
[TimeControl "180+1"]
[WhiteFideId "24133795"]
[BlackFideId "21856222"]
[WhiteElo "3029"]
[BlackElo "2931"]
[WhiteTeam "SRB"]
[BlackTeam "POL"]
[WhiteClock "0:00:23"]
[BlackClock "0:00:07"]

1. d4 Nf6 2. c4 e6 3. Nc3 Bb4 4. e3 O-O 5. Bd3 d5 6. a3 Bxc3+ 7. bxc3 c5 8. cxd5 exd5 9. Ne2 Nc6 10. f3 Re8 11. O-O b6 12. g4 h6 13. Ng3 a5 14. Ra2 c4 15. Bb1 b5 16. Rg2 b4 17. h4 Nh7 18. Rh2 Nf8 19. f4 Rb8 20. g5 bxc3 21. Bc2 Rb2 22. gxh6 gxh6 23. f5 Nh7 24. Qh5 Qf6 25. Qf3 Kh8 26. Nh5 Qd6 27. Rg2 Nf6 28. Nxf6 Qxf6 29. Qxd5 Bb7 30. Bxb2 cxb2 31. Qb5 Rxe3 32. Qxb7 Qxd4 33. Qa8+ Re8+ 34. Kh1 Rxa8 35. f6 Rg8 36. Rxg8+ Kxg8 37. Re1 Qxh4+ 38. Kg2 Qxe1 0-1

[Event "January 2 Early 2024"]
[Site "https://www.chess.com"]
[Date "2024.01.02"]
[Round "9"]
[White "Corrales Jimenez, Fidel"]
[Black "Fedoseev, Vladimir"]
[Result "0-1"]
[Board "13"]
[TimeControl "180+1"]
[WhiteFideId "3506690"]
[BlackFideId "24130737"]
[WhiteElo "2938"]
[BlackElo "3021"]
[WhiteTeam "USA"]
[BlackTeam "SLO"]
[WhiteClock "0:00:10"]
[BlackClock "0:00:34"]

1. d4 Nf6 2. c4 b6 3. Nc3 Bb7 4. a3 g6 5. f3 d5 6. cxd5 Nxd5 7. Nxd5 Qxd5 8. e4 Qd7 9. Be3 Bg7 10. Qd2 O-O 11. Bc4 c5 12. Ne2 cxd4 13. Nxd4 Rd8 14. Rd1 Qc8 15. Nf5 Rxd2 16. Nxe7+ Kf8 17. Nxc8 Rxd1+ 18. Kxd1 Nc6 19. Nxa7 Nxa7 20. Bxb6 Bxb2 21. a4 Nc6 22. Kc2 Ba3 23. Kb3 Be7 24. Rd1 Na5+ 25. Bxa5 Rxa5 26. Bb5 Bc8 27. Rc1 Be6+ 28. Kb2 Bf6+ 29. Ka3 Be7+ 30. Kb2 h5 31. Rc7 Bd6 32. Rc6 Bxh2 33. Kc3 Bg3 34. Kb4 Be1+ 35. Kc5 Bb3 36. Rc8+ Kg7 37. Kb6 Bxa4 38. Bc4 Re5 39. Rc7 Ba5+ 0-1

[Event "January 2 Early 2024"]
[Site "https://www.chess.com"]
[Date "2024.01.02"]
[Round "9"]
[White "Vasquez Schroeder, Rodrigo"]
[Black "Meier, Georg"]
[Result "1-0"]
[Board "14"]
[TimeControl "180+1"]
[WhiteFideId "3400042"]
[BlackFideId "4675789"]
[WhiteElo "2926"]
[BlackElo "3020"]
[WhiteTeam "CHI"]
[BlackTeam "URU"]
[WhiteClock "0:01:27"]
[BlackClock "0:00:11"]

1. e4 e6 2. d4 d5 3. e5 c5 4. c3 Nc6 5. Nf3 Bd7 6. Be2 Nge7 7. Na3 Nf5 8. Nc2 cxd4 9. cxd4 Be7 10. O-O O-O 11. Kh1 Rc8 12. g4 Nh4 13. Nxh4 Bxh4 14. f4 f6 15. Bd3 fxe5 16. dxe5 g5 17. Qe2 Qe7 18. Bd2 Qg7 19. b4 a6 20. a4 gxf4 21. Bxf4 Rxf4 22. Rxf4 Nxe5 23. Raf1 Bg5 24. R4f2 Rc3 25. Rf8+ 1-0

[Event "January 2 Early 2024"]
[Site "https://www.chess.com"]
[Date "2024.01.02"]
[Round "9"]
[White "Pranav Anand"]
[Black "Svane, Rasmus"]
[Result "1-0"]
[Board "15"]
[TimeControl "180+1"]
[WhiteFideId "46626786"]
[BlackFideId "4657101"]
[WhiteElo "2924"]
[BlackElo "2994"]
[WhiteTeam "IND"]
[BlackTeam "GER"]
[WhiteClock "0:00:14"]
[BlackClock "0:00:01"]

1. d4 d5 2. Nf3 e6 3. Bf4 Bd6 4. e3 c5 5. Nbd2 Nf6 6. c3 O-O 7. Bd3 Bxf4 8. exf4 cxd4 9. Nxd4 Qd6 10. g3 e5 11. fxe5 Qxe5+ 12. Qe2 Qd6 13. O-O-O Nc6 14. N2b3 Re8 15. Qc2 Bd7 16. Kb1 Rac8 17. Qd2 Ne5 18. Qf4 Nh5 19. Qg5 Bg4 20. f3 h6 21. Nf5 Bxf5 22. Qxf5 Nf6 23. Nd4 Qb6 24. Rhe1 g6 25. Qf4 Nxd3 26. Rxe8+ Rxe8 27. Rxd3 Re1+ 28. Kc2 Qa6 29. Rd1 Qa4+ 30. Nb3 Re2+ 31. Rd2 Rxd2+ 32. Kxd2 Qxa2 33. Kc2 Kg7 34. Qd4 Qa6 35. Nd2 b6 36. h4 Qe2 37. Kb3 Qe7 38. g4 g5 39. hxg5 hxg5 40. Kc2 Kg8 41. Kd1 Qe6 42. Nb3 Nd7 43. Qd2 f6 44. Nd4 Qe5 45. Qc2 Kg7 46. Nf5+ Kf8 47. Nd4 Kg7 48. Nf5+ Kf7 49. Qa4 Qc7 50. Qa2 Qc6 51. Qxa7 d4 52. Nxd4 Qd5 53. Qc7 Kg6 54. Qd8 Ne5 55. Qxd5 1-0

[Event "January 2 Early 2024"]
[Site "https://www.chess.com"]
[Date "2024.01.02"]
[Round "9"]
[White "Makhnev, Denis"]
[Black "Navara, David"]
[Result "1/2-1/2"]
[Board "16"]
[TimeControl "180+1"]
[WhiteFideId "13707647"]
[BlackFideId "309095"]
[WhiteElo "2923"]
[BlackElo "2989"]
[WhiteTeam "KAZ"]
[BlackTeam "CZE"]
[WhiteClock "0:00:34"]
[BlackClock "0:00:24"]

1. d4 Nf6 2. c4 e6 3. Nc3 Bb4 4. e3 O-O 5. Bd3 d5 6. a3 Bxc3+ 7. bxc3 dxc4 8. Bxc4 c5 9. Ne2 Qc7 10. Bd3 b6 11. O-O Bb7 12. Ng3 Nc6 13. Bb2 Rfd8 14. f4 Rac8 15. Qe2 Qe7 16. Rad1 g6 17. h3 Ne8 18. Qf2 Nd6 19. e4 cxd4 20. cxd4 Na5 21. f5 exf5 22. d5 Nac4 23. Ba1 Ne5 24. exf5 Re8 25. Bb1 Qg5 26. fxg6 hxg6 27. Rde1 Ba6 28. h4 Qxh4 29. Bxe5 Bxf1 30. Bxd6 Rxe1 31. Qxe1 Qd4+ 32. Qf2 Qxf2+ 33. Kxf2 Bc4 34. Be4 f5 35. Bf3 Kf7 36. Ke3 Rd8 37. Bc7 Rxd5 38. Bxd5+ Bxd5 39. Kf2 Ke6 40. Ne2 g5 41. Bb8 a6 42. Nd4+ Kf6 43. Bc7 b5 44. g3 f4 45. gxf4 gxf4 46. Bxf4 Bc4 47. Ke3 a5 48. Bc7 b4 49. a4 b3 50. Kd2 Bf7 51. Kc3 Be8 52. Nb5 Ke7 53. Kxb3 Kd7 54. Bxa5 Kc6 55. Kb4 Bd7 56. Bd8 Kb7 57. Nd6+ Ka6 58. a5 Bc6 59. Kc5 Bf3 60. Bb6 Bg2 61. Kd4 Bc6 62. Ke5 Bd7 63. Kf6 Bc6 64. Ke7 Bd7 65. Ne4 Bc6 66. Nc5+ Kb5 67. Kd6 Bg2 68. Ne6 Ka6 69. Kc7 Bd5 70. Nc5+ Kb5 71. a6 Bf3 72. a7 Ba8 73. Kb8 Kxb6 74. Kxa8 Kc7 75. Nd3 Kc8 76. Nb4 Kc7 77. Nc2 Kc8 78. Ne3 Kc7 79. Nc4 Kc8 80. Nd2 Kc7 81. Nf3 Kc8 82. Nh4 Kc7 83. Ng6 Kc8 84. Nh8 Kc7 85. Nf7 Kc8 86. Ne5 Kc7 87. Nc6 Kc8 88. Nd8 Kc7 89. Nb7 Kc8 90. Nc5 Kc7 91. Ne4 Kc8 92. Nf6 Kc7 93. Nd5+ Kc8 94. Nb4 Kc7 95. Na6+ Kc8 96. Nb8 Kc7 97. Nd7 Kc8 98. Nc5 Kc7 1/2-1/2

[Event "January 2 Early 2024"]
[Site "https://www.chess.com"]
[Date "2024.01.02"]
[Round "9"]
[White "Aravindh, Chithambaram VR."]
[Black "Vokhidov, Shamsiddin"]
[Result "0-1"]
[Board "17"]
[TimeControl "180+1"]
[WhiteFideId "5072786"]
[BlackFideId "14204223"]
[WhiteElo "2920"]
[BlackElo "2977"]
[WhiteTeam "IND"]
[BlackTeam "UZB"]
[WhiteClock "0:00:00"]
[BlackClock "0:00:08"]

1. b3 d5 2. Bb2 Bf5 3. Nf3 e6 4. g3 Nf6 5. Bg2 h6 6. O-O Be7 7. d3 O-O 8. Nbd2 a5 9. Ne5 a4 10. e4 Bh7 11. a3 axb3 12. cxb3 c6 13. b4 Nfd7 14. Nxd7 Nxd7 15. Nb3 Bf6 16. Qe2 Bxb2 17. Qxb2 Qe7 18. Rfe1 Qd6 19. e5 Qc7 20. d4 Nb6 21. Qc3 Na4 22. Qd2 Nb6 23. Qc3 Na4 24. Qd2 Ra7 25. Rec1 Rfa8 26. h4 Nb6 27. Na5 Qd7 28. Qe3 Bg6 29. Rc3 Qe7 30. Qc1 Qd7 31. Nb3 Nc4 32. a4 Qe7 33. a5 Qxb4 34. Nc5 Rxa5 35. Rxa5 Nxa5 36. Ra3 b6 37. Ra4 Qb1 38. Qxb1 Bxb1 39. Nb7 Bd3 40. Bf3 Ra7 41. Nd6 Ra6 42. Ra3 Bc4 43. Bh5 g6 44. Bd1 Ra8 45. h5 g5 46. f4 Ra7 47. f5 b5 48. fxe6 fxe6 49. Bg4 b4 50. Bxe6+ Kg7 51. Ra1 b3 52. Bf5 b2 53. Rb1 Nb3 54. Rxb2 Nxd4 55. g4 Nf3+ 56. Kf2 Nxe5 57. Ke3 Ra3+ 58. Kd4 Nf3+ 59. Kc5 Ra7 60. Kxc6 Kf6 61. Kc5 Ke5 62. Nxc4+ dxc4 63. Kxc4 Kf4 64. Kd5 Ra4 65. Ke6 Nd4+ 66. Kf7 Nxf5 67. gxf5 Kxf5 68. Kg7 Ra6 69. Rb4 g4 70. Rb5+ Kf4 71. Rc5 g3 72. Kh7 g2 73. Rc1 Kg3 0-1

[Event "January 2 Early 2024"]
[Site "https://www.chess.com"]
[Date "2024.01.02"]
[Round "9"]
[White "Ibarra Jerez, Jose Carlos"]
[Black "Rasulov, Vugar"]
[Result "0-1"]
[Board "18"]
[TimeControl "180+1"]
[WhiteFideId "2226332"]
[BlackFideId "13402390"]
[WhiteElo "2918"]
[BlackElo "2969"]
[WhiteTeam "ESP"]
[BlackTeam "AZE"]
[WhiteClock "0:00:00"]
[BlackClock "0:00:19"]

1. e4 e5 2. Nf3 Nc6 3. Nc3 Nf6 4. h3 Bb4 5. Nd5 Bc5 6. c3 d6 7. d4 Bb6 8. Bg5 exd4 9. Bxf6 gxf6 10. Nxb6 axb6 11. Nxd4 Qe7 12. Be2 Rg8 13. Bf3 Ne5 14. Qe2 c5 15. Nc2 f5 16. Ne3 Kf8 17. exf5 Qg5 18. g4 h5 19. h4 Qf4 20. Bd5 hxg4 21. O-O-O Bxf5 22. Bb3 Be4 23. Rhg1 b5 24. Qxb5 Qxf2 25. Nc2 c4 26. Ba4 Bc6 27. Qb4 Nd3+ 28. Rxd3 Qxg1+ 29. Rd1 Qg3 30. Bxc6 bxc6 31. Qb7 Kg7 32. Qxc6 Rge8 33. Nd4 Qf4+ 34. Kb1 Qe4+ 35. Qxe4 Rxe4 36. Nf5+ Kf6 37. Nxd6 Rf4 38. h5 Rd8 39. Ne4+ Ke7 40. Re1 Kf8 41. h6 Re8 42. h7 Kg7 43. h8=Q+ Kxh8 44. Rh1+ Kg7 45. Nd6 Re6 46. Nb5 g3 47. Nd4 Rxd4 48. cxd4 f5 49. Kc2 f4 50. Rh4 g2 51. Rg4+ Rg6 0-1

[Event "January 2 Early 2024"]
[Site "https://www.chess.com"]
[Date "2024.01.02"]
[Round "9"]
[White "Bok, Benjamin"]
[Black "Rustemov, Alexander"]
[Result "1-0"]
[Board "19"]
[TimeControl "180+1"]
[WhiteFideId "1017063"]
[BlackFideId "4119002"]
[WhiteElo "2953"]
[BlackElo "2874"]
[WhiteTeam "NED"]
[BlackTeam "RUS"]
[WhiteClock "0:00:07"]
[BlackClock "0:00:02"]

1. d4 d5 2. c4 c6 3. Nf3 Nf6 4. cxd5 cxd5 5. Nc3 Nc6 6. Bf4 a6 7. Rc1 Bf5 8. e3 Rc8 9. Be2 e6 10. O-O Bd6 11. Bxd6 Qxd6 12. Qb3 Rb8 13. Na4 Nd7 14. Nc5 Nxc5 15. Rxc5 O-O 16. Rfc1 Bg4 17. Qb6 Bxf3 18. Bxf3 Qd8 19. Qxd8 Rfxd8 20. Be2 Ne7 21. Rc7 Nf5 22. Bd3 Nd6 23. h4 h6 24. g4 Kf8 25. Kg2 Rdc8 26. Kf3 Rxc7 27. Rxc7 Rc8 28. Rd7 Rc6 29. Rd8+ Ne8 30. Rb8 Rc7 31. Kf4 Ke7 32. g5 hxg5+ 33. hxg5 Nd6 34. f3 Rc8 35. Rxc8 Nxc8 36. e4 f6 37. b4 Na7 38. gxf6+ gxf6 39. a3 Nc6 40. Ke3 Kd6 41. Bc2 a5 42. bxa5 Nxa5 43. a4 Nc4+ 44. Kd3 b6 45. Kc3 Na5 46. Bd3 Nc6 47. Bb5 Ne7 48. Kb4 dxe4 49. fxe4 e5 50. Kc4 Ng6 51. Kc3 Nf4 52. Bf1 Ne6 53. dxe5+ fxe5 54. Kc4 Kc6 55. Bh3 Nc5 56. Kb4 Nd3+ 57. Kc4 Nb2+ 58. Kb4 Nd3+ 59. Kc4 Nc5 60. Kb4 Kc7 61. Bf5 Kc6 62. Bg6 Na6+ 63. Kc4 Nc5 64. Be8+ Kc7 65. Kd5 Nd3 66. Bb5 Nf2 67. Kxe5 Ng4+ 68. Ke6 Nf2 69. e5 Ng4 70. Kf5 Ne3+ 71. Kg6 Kd8 72. Kf7 Nd5 73. e6 Ne7 74. Bd7 Nd5 75. Bc6 Ne7 76. Bb5 Nc8 77. Kf6 Ne7 78. Ke5 Kc7 79. Bd7 Ng6+ 80. Kf6 Nf8 81. Bb5 Kd6 82. e7 Nh7+ 83. Kg6 Kxe7 84. Kxh7 Kf7 85. Kh6 Kf6 86. Kh5 Kf5 87. Ba6 Ke5 88. Kg6 Kd6 89. Kf6 Kc7 90. Bb5 Kb8 91. Ke7 Ka7 92. Kd7 Kb7 93. Kd6 1-0